Map: Ночной сумрак РВ

Players

FAFAN - Winner!

  • Race: Terran Terran
  • League: Diamond
  • Spawn Location: 5:00

Dolmatt

  • Race: Zerg Zerg
  • League: Diamond
  • Spawn Location: 11:00

VOD

Have the link to the VOD?

Description

Time

  • Played on: March 23, 2020, 12:07 a.m.
  • Length: 15:25
Show
View Real Time Build Order
Export as new Build Order

FAFAN Terran - Winner!

Build Orders: Reaper Expand, Mech 

Get SALT Encoding   

  12  0:01  SCV  
  13  0:13  SCV  
  14  0:17  Supply Depot  
  14  0:25  SCV  
  15  0:38  SCV  
  15  0:39  Barracks  
  16  0:44  Refinery  
  16  0:52  SCV  
  17  1:04  SCV  
  18  1:16  SCV  
  19  1:27  Reaper  
  19  1:28  Orbital Command  
  20  1:40  Command Center  
  20  1:48  Supply Depot  
  20  1:54  SCV  
  21  2:04  Factory, Marine  
  21  2:07  SCV  
  23  2:19  SCV, Refinery  
  24  2:31  SCV  
  24  2:35  Barracks Reactor  
  25  2:44  SCV  
  26  2:54  Orbital Command, Starport  
  26  2:56  SCV  
  27  3:08  SCV  
  27  3:10  Supply Depot  
  28  3:20  SCV  
  28  3:21  SCV  
  28  3:24  Hellion x2  
  34  3:32  SCV  
  34  3:33  SCV, Supply Depot  
  32  3:41  Viking  
  36  3:44  SCV  
  36  3:46  SCV, Hellion  
  36  3:47  Hellion  
  44  3:50  Barracks Tech Lab  
  44  3:56  SCV  
  44  3:57  Supply Depot  
  44  3:58  SCV  
  46  4:08  SCV  
  46  4:09  Hellion x2, Refinery  
  51  4:10  SCV  
  51  4:12  Factory  
  51  4:14  Starport Tech Lab  
  52  4:20  SCV, Supply Depot  
  53  4:24  SCV  
  54  4:32  SCV  
  54  4:36  SCV, Raven  
  58  4:47  Hellion x2  
  58  4:50  SCV x2  
  64  4:55  Refinery  
  64  4:56  Command Center  
  64  5:00  Supply Depot  
  64  5:08  SCV x2  
  64  5:27  SCV x2  
  60  5:33  Mag-Field Accelerator  
  63  5:35  Siege Tank  
  63  5:50  Hellion x2  
  67  6:07  Armory, Supply Depot, Siege Tank  
  67  6:10  Supply Depot  
  70  6:12  Engineering Bay  
  70  6:29  Refinery  
  70  6:31  Hellion x2  
  74  6:35  Refinery  
  74  6:38  Factory x2  
  74  6:39  Siege Tank  
  77  6:40  Factory  
  77  6:41  Armory  
  77  6:46  Orbital Command  
  77  6:50  SCV x2  
  79  7:02  SCV x2  
  75  7:14  SCV x3  
  81  7:22  Siege Tank  
  81  7:24  Factory Tech Lab x2  
  81  7:25  Factory Tech Lab  
  81  7:26  SCV x3  
  81  7:28  Hellion x2  
  88  7:31  Terran Vehicle Weapons Level 1  
  88  7:32  Terran Vehicle And Ship Armor Level 1  
  88  7:35  Fusion Core  
  88  7:38  SCV  
  88  7:40  Starport  
  89  7:49  Hellion  
  89  7:50  Factory  
  89  7:54  Siege Tank  
  89  7:58  Starport Reactor  
  92  8:06  Cyclone x2  
  92  8:07  Hellion x2  
  92  8:09  SCV  
  92  8:11  Hellion  
  88  8:27  Siege Tank  
  85  8:39  Siege Tank x2  
  84  8:47  SCV x2  
  84  8:48  SCV  
  85  8:55  Siege Tank  
  88  8:56  Hellion x2  
  88  8:59  SCV, Siege Tank  
  96  9:10  Command Center  
  96  9:11  Siege Tank  
  96  9:12  Hellion  
  101  9:18  Hellion x2  
  101  9:20  Starport Reactor  
  105  9:27  Cyclone  
  108  9:42  Supply Depot  
  108  9:43  Terran Vehicle Weapons Level 2, Terran Vehicle And Ship Armor Level 2  
  108  9:44  Supply Depot  
  108  9:55  Hellion, Cyclone x2  
  116  10:01  SCV  
  116  10:03  Hellion  
  119  10:08  Sensor Tower  
  119  10:10  Missile Turret  
  88  10:26  Siege Tank x2  
  88  10:27  Siege Tank x2  
  95  10:30  Liberator  
  85  11:01  Hellion, Cyclone x3  
  85  11:02  Hellion x2  
  73  11:23  Hellion x2, Siege Tank  
  73  11:25  SCV x3  
  83  11:33  Hellion, Siege Tank  
  83  11:37  SCV x3  
  91  11:46  Thor  
  97  11:48  Hellion x2  
  97  11:49  SCV x2  
  103  11:54  Thor  
  103  11:56  SCV  
  105  12:01  SCV  
  77  12:22  Siege Tank x2  
  75  12:23  Hellion x2  
  75  12:28  Thor  
  83  12:36  SCV x2  
  85  12:37  Thor  
  93  12:44  Hellion x2  
  95  12:54  Hellion x2  
  99  13:02  Command Center  
  101  13:05  Hellion  
  101  13:06  Hellion  
  101  13:09  Supply Depot  
  101  13:11  Siege Tank  
  106  13:15  Hellion  
  106  13:16  Hellion  
  110  13:22  Infernal Pre-Igniter  
  110  13:23  Smart Servos  
  110  13:33  SCV x2  
  112  13:36  Siege Tank  
  112  13:37  Hellion x2, Hellbat, Siege Tank  
  124  13:41  Neosteel Armor  
  124  13:56  Hellion  
  106  14:10  Siege Tank x2  
  106  14:11  Siege Tank  
  106  14:12  Hellion x2  
  119  14:18  Hellion  
  104  14:38  Hellion x2  
  104  14:39  Hellion  
  104  14:43  Hellion x3  
  106  14:47  SCV x2  
  109  15:00  Hellion x2  
  109  15:01  Hellion  
Show
View Real Time Build Order
Export as new Build Order

Dolmatt Zerg 

Build Orders: Hatch First 

Get SALT Encoding   

  12  0:01  Drone  
  13  0:13  Overlord  
  13  0:17  Drone  
  14  0:31  Drone  
  14  0:32  Drone  
  16  0:50  Hatchery  
  16  0:53  Drone  
  16  0:57  Drone  
  16  1:01  Drone  
  18  1:12  Extractor  
  18  1:18  Spawning Pool  
  16  1:20  Drone  
  16  1:23  Drone  
  18  1:29  Drone  
  19  1:41  Drone  
  20  1:51  Drone  
  21  2:04  Queen  
  21  2:05  Queen  
  21  2:06  Zergling x4  
  27  2:20  Hatchery  
  26  2:25  Overlord  
  26  2:32  Overlord  
  25  2:50  Drone x3  
  25  2:51  Drone x3  
  31  2:57  Metabolic Boost  
  31  3:04  Drone x2  
  33  3:17  Drone x4  
  37  3:25  Drone  
  38  3:36  Baneling Nest  
  38  3:39  Drone, Extractor  
  38  3:40  Drone x3  
  38  3:41  Extractor  
  39  3:54  Drone x3  
  39  3:55  Drone x3  
  45  3:59  Spore Crawler  
  44  4:09  Roach Warren, Drone x2  
  45  4:10  Lair  
  45  4:12  Drone x5  
  50  4:18  Extractor  
  49  4:27  Overlord x2  
  49  4:41  Pneumatized Carapace  
  49  4:45  Queen  
  51  4:46  Drone  
  51  4:47  Drone x5  
  51  4:48  Drone  
  58  4:56  Spine Crawler  
  58  4:58  Overlord x3  
  55  5:07  Roach  
  48  5:29  Roach x9  
  48  5:34  Queen  
  68  5:47  Drone x4  
  72  5:51  Glial Reconstitution  
  72  5:56  Hatchery  
  71  5:57  Centrifical Hooks  
  71  5:59  Drone  
  71  6:01  Drone  
  73  6:09  Drone  
  74  6:25  Overlord  
  74  6:26  Overlord x5  
  74  6:35  Overlord x4  
  74  6:50  Evolution Chamber, Drone  
  74  6:52  Drone x6  
  74  6:53  Evolution Chamber  
  79  6:54  Evolution Chamber  
  77  7:11  Roach x3  
  77  7:12  Roach x5  
  93  7:18  Queen  
  95  7:25  Spine Crawler  
  95  7:26  Spine Crawler  
  95  7:29  Spine Crawler  
  92  7:36  Spine Crawler x2, Drone x2  
  92  7:42  Drone  
  92  7:43  Drone x5  
  94  7:53  Ravager x7  
  94  7:54  Ravager x3  
  94  7:57  Overseer  
  104  7:59  Overseer  
  84  8:38  Roach  
  84  8:39  Roach x21  
  106  8:49  Drone x5  
  106  8:52  Extractor  
  106  8:53  Extractor  
  109  8:58  Drone  
  110  9:04  Overseer  
  110  9:05  Overseer x3  
  110  9:06  Overseer x2  
  110  9:07  Hatchery  
  109  9:11  Ravager x2  
  109  9:12  Ravager  
  112  9:23  Zerg Missile Weapons Level 1  
  112  9:29  Ravager  
  113  9:42  Zergling x30  
  128  9:50  Zerg Ground Armor Level 1  
  128  9:57  Roach  
  128  9:58  Roach x7  
  102  10:25  Roach x8  
  102  10:26  Roach x8  
  136  10:35  Roach  
  136  10:36  Roach x3  
  128  11:00  Overlord x7  
  128  11:01  Overlord  
  94  11:26  Ravager  
  94  11:27  Ravager x7  
  94  11:28  Ravager x5  
  94  11:32  Overseer x4  
  107  11:44  Drone x8  
  107  11:45  Drone x11  
  93  12:25  Zergling x12  
  93  12:26  Zergling x20  
  100  12:33  Queen  
  100  12:36  Extractor  
  101  12:37  Extractor  
  100  12:45  Infestation Pit  
  100  12:46  Roach x7  
  100  12:50  Baneling x14  
  113  12:59  Zerg Melee Weapons Level 1, Zerg Ground Armor Level 2, Zerg Missile Weapons Level 2  
  113  13:06  Drone x2  
  113  13:10  Baneling x3  
  113  13:11  Baneling x14  
  115  13:14  Roach x5  
  115  13:16  Zergling x18  
  134  13:21  Drone x4  
  138  13:34  Roach x5  
  138  13:35  Roach x2  
  109  14:05  Zergling x44  
  109  14:06  Zergling x6  
  132  14:11  Drone x2  
  105  14:43  Roach x4  
  105  14:44  Roach x16  
  123  14:54  Roach  
  123  14:55  Roach  
  127  15:05  Hatchery  
Tags
 
Add a new tag
Caveats
  • Supply blocks, unpowered buildings, or Contaminate may cause inaccurate times.
  • Supply counts are checked every 10 seconds.